AoeStats
← Kez

Pilgrims

508261246Analyzed
3v3 RM · 11d ago on Sep 21, 2026· 26m 23s· 6 players
Game mode
Random Map
Map size
Normal (6 player)
Population
200
Speed
Normal
Resources
Standard
Victory
Conquest
Starting age
Dark Age
Ending age
Imperial Age
RankedLock teamsTeams togetherTeam positionsShared explorationLock speedFull tech treeHidden civsTurbo modeCheats
Victory
Defeat
🇨🇴 Italians · Colombia
1389
+13
🇻🇳 Maya · Vietnam
1386
+13
🇨🇴 Inca · Colombia
1291
+18
🇳🇱 Lithuanians · Netherlands
1335
-15
🇧🇪 Malay · Belgium
1326
-15
🇨🇴 Hindustanis · Colombia
1307
-14
Professor Chaos
7:17 Loom
13:16 Feudal Age
13:09 Double-Bit Axe
14:00 Wheelbarrow
16:19 Fletching
18:50 Castle Age
17:16 Fishing Lines
18:46 Medium Warships
18:34 Bodkin Arrow
18:58 Bow Saw
21:13 Town Watch
21:45 Hand Cart
23:22 Horse Collar
25:09 Thalassocracy
26:02 Pikeman
26:42 Squires
Kez
4:21 Loom
10:16 Feudal Age
15:57 Castle Age
lukardo
5:01 Loom
12:59 Feudal Age
17:39 Castle Age
15:55 Horse Collar
16:01 Double-Bit Axe
16:36 Fletching
17:16 Gold Mining
20:56 Medium Warships
21:48 Crossbowman
22:46 Bodkin Arrow
kevinpaz6665
4:38 Loom
13:30 Feudal Age
13:30 Champi Runner
14:28 Arson
15:17 Forging
15:47 Scale Mail Armor
15:34 Fishing Lines
19:46 Wheelbarrow
22:31 Castle Age
21:09 Fletching
22:08 Padded Archer Armor
22:17 Double-Bit Axe
22:12 Horse Collar
22:38 Champi Warrior
23:17 Bodkin Arrow
23:59 Elite Skirmisher
24:57 Leather Archer Armor
24:44 Town Watch
27:08 Chain Mail Armor
mryendl2410
4:48 Loom
11:44 Feudal Age
17:00 Castle Age
14:53 Double-Bit Axe
17:28 Gold Mining
18:13 Medium Warships
23:08 Wheelbarrow
22:44 Bow Saw
[MLTS] RKotzen
9:26 Loom
11:41 Feudal Age
12:37 Gold Mining
12:32 Double-Bit Axe
12:32 Horse Collar
12:41 Town Watch
21:03 Castle Age
21:03 Scale Barding Armor
21:09 Forging
21:52 Husbandry
22:17 Bloodlines
22:28 Chain Barding Armor
22:41 Town Patrol
23:46 Iron Casting
24:24 Medium Warships
Connection lost

Rejoining the realm…

Still unreachable

The connection could not be restored.

Session expired

The server has moved on; the page needs a fresh start.